 Dungeon Crawl Stone Soup version 0.29.1-2-gbd0b4ee654 (webtiles) character file.

Game seed: 18109012165319342171

272 Raikaria the Conjurer (level 6, 0/47 HPs)
             Began as a Demonspawn Conjurer on Nov 8, 2022.
             Slain by an orc
             ... wielding a +0 short sword
              (4 damage)
             ... on level 4 of the Dungeon.
             The game lasted 00:14:47 (3819 turns).

Raikaria the Conjurer (Demonspawn Conjurer)         Turns: 3819, Time: 00:14:47

Health: 0/47       AC:  3    Str: 16    XL:     6   Next: 2%
Magic:  11/11      EV: 12    Int: 19    God:
Gold:   189        SH:  0    Dex: 17    Spells: 6/12 levels left

rFire   . . .      SeeInvis .   c - +1 dagger (speed)
rCold   . . .      Faith    .   (no shield)
rNeg    . . .      Spirit   .   a - +0 robe
rPois   .          Reflect  .   (helmet restricted)
rElec   .          Harm     .   s - scarf {shadows}
rCorr   .          Rampage  .   k - +0 pair of gloves
Will    .....                   (no boots)
Stlth   +.........              (no amulet)
HPRegen 0.15/turn               g - +6 ring of strength
MPRegen 0.12/turn               v - +6 ring of dexterity

@: confused, ambrosia-drunk, hasted, very quick
A: horns 1
a: no special abilities


You were on level 4 of the Dungeon.
You visited 1 branch of the dungeon, and saw 4 of its levels.

You collected 189 gold pieces.

Inventory:

Hand Weapons
 c - a +1 dagger of speed (weapon)
Missiles
 o - a throwing net
Armour
 a - a +0 robe (worn)
 k - a +0 pair of gloves (worn)
 l - a +0 leather armour
 s - a scarf of shadows (worn)
Jewellery
 e - a ring of ice
 g - a +6 ring of strength (left hand)
 v - a +6 ring of dexterity (right hand)
Wands
 x - a wand of paralysis (2)
Scrolls
 h - a scroll of fear {unknown}
 j - 4 scrolls of identify {unknown}
 m - 2 scrolls of poison {unknown}
 n - a scroll of noise {unknown}
 p - a scroll of silence {unknown}
 q - 2 scrolls of teleportation {unknown}
 u - a scroll of enchant weapon {unknown}
Potions
 b - a potion of magic
 d - a potion of attraction {unknown}
 f - a potion of might {unknown}
 r - a potion of resistance {unknown}
 w - a potion of ambrosia


   Skills:
 + Level 3.2 Fighting
 - Level 1.7 Dodging
 - Level 1.7 Stealth
 + Level 3.7 Spellcasting
 - Level 5.0 Conjurations
 + Level 1.4 Hexes


You had 6 spell levels left.
You knew the following spells:

 Your Spells              Type           Power      Damage    Failure   Level
a - Magic Dart            Conj           88%        1d7       1%          1
b - Searing Ray           Conj           44%        2d6       2%          2
c - Dazzling Flash        Conj/Hex       30%        N/A       12%         3

Your spell library contained the following spells:

 Spells                   Type           Power      Damage    Failure   Level
 Sandblast                Erth           6%         2d5       14%         1
 Summon Small Mammal      Summ           12%        N/A       14%         1
 Ensorcelled Hibernation  Hex/Ice        12%        N/A       16%         2
 Stone Arrow              Conj/Erth      26%        3d8       16%         3
 Passwall                 Tmut/Erth      2%         N/A       22%         2
 Summon Guardian Golem    Hex/Summ       6%         N/A       32%         3
 Fulminant Prism          Conj/Hex       7%         3d7       36%         4
 Call Canine Familiar     Summ           3%         N/A       38%         3
 Swiftness                Air            3%         N/A       38%         3
 Iskenderun's Mystic Bla  Conj/Tloc      13%        2d5       45%         4
 Iskenderun's Battlesphe  Conj           22%        2d8       45%         5
 Iron Shot                Conj/Erth      6%         9d2       100%        6
 Spellforged Servitor     Conj/Summ      6%         N/A       100%        7


Dungeon Overview and Level Annotations

Branches:
Dungeon (4/15)
 Temple: D:4-7

Altars:
Gozag
Okawaru

Shops:
D:1 (

Annotations:
D:4 Sigmund


Innate Abilities, Weirdness & Mutations

You have a pair of small horns on your head.


Message History

Aim: an orc, wielding a +0 flail and wearing a +0 ring mail (81% to hit)
The searing ray hits the orc.
The orc is moderately wounded. (Press . to maintain the ray.)
You hit the orc.
The orc is moderately wounded.
The orc barely misses you.
You completely miss the orc.
The orc is moderately wounded.
The orc barely misses you.
You hit the orc.
The orc is severely wounded.
The orc hits you with a +0 flail.
You hit the orc.
You kill the orc!
You open the door. Sigmund casts a spell at you. The puff of flame hits you.
* * * LOW HITPOINT WARNING * * *
There is an open door here.
You feel yourself speed up.
You miss something. Sigmund closely misses you.
You hit something. Something hits you.
* * * LOW HITPOINT WARNING * * *
You miss something. You headbutt something. Something hits you.
* * * LOW HITPOINT WARNING * * *
You miss something. Your punch misses something.
Sigmund hits you from afar with a +0 scythe!
* * * LOW HITPOINT WARNING * * *
You hit something but do no damage. Something hits you but does no damage.
You feel better. Something hits you.
* * * LOW HITPOINT WARNING * * *
Something hits you.
* * * LOW HITPOINT WARNING * * *
Something hits you.
* * * LOW HITPOINT WARNING * * *
It was a potion of ambrosia.
You are confused.
You feel invigorated. The orc hits you with a +0 short sword.
You die...

#................#####.....#
#................# #.....#
#................# #<....+
#................# #.....#
######................#
#.....#
....o.........#########..
#......
).............'...#......
+......
..............#.o.@......
#......
..............#.@.#......
#......
..............######+####
.##'###..............
.#....#..............
.'....#..............
.#....#..............
.#....#..............
.#....#..............
.##o@.#..............


You could see Sigmund and an orc.

Vanquished Creatures
  Ijyb (D:4)
  Jessica (D:3)
  Natasha (twice) (D:3)
  Robin (D:2)
  3 adders
  4 gnolls (D:2)
  3 worms (D:2)
  A dart slug (D:3)
  8 orcs
  2 endoplasms (D:2)
  2 giant cockroaches (D:1)
  18 goblins
  5 hobgoblins
  6 jackals (D:1)
  A quokka (D:3)
  3 ball pythons
  4 bats
  A frilled lizard (D:1)
  6 kobolds
  2 rats (D:1)
74 creatures vanquished.

Notes
Turn   | Place    | Note
-------+----------+-------------------------------------------
     0 | D:1      | Raikaria the Demonspawn Conjurer began the quest for the
                  | Orb.
     0 | D:1      | Reached XP level 1. HP: 13/13 MP: 3/3
   196 | D:1      | Found a faded altar of an unknown god.
   329 | D:1      | Gained mutation: You have a pair of small horns on your
                  | head. [demonic ancestry]
   329 | D:1      | Reached XP level 2. HP: 20/20 MP: 3/5
   349 | D:1      | Learned a level 2 spell: Searing Ray
   410 | D:1      | Reached skill level 1 in Fighting
   784 | D:1      | Found Sekax's Weapon Shoppe.
   925 | D:2      | Reached XP level 3. HP: 26/26 MP: 2/6
  1009 | D:2      | Noticed Robin
  1383 | D:2      | Learned a level 3 spell: Dazzling Flash
  1398 | D:2      | Reached XP level 4. HP: 7/33 MP: 4/8
  1738 | D:2      | Killed Robin
  2407 | D:3      | Noticed Jessica
  2413 | D:3      | Killed Jessica
  2414 | D:3      | Reached XP level 5. HP: 17/39 MP: 2/9
  2649 | D:3      | Reached skill level 5 in Conjurations
  3137 | D:3      | Found an opulent altar of Gozag.
  3143 | D:3      | Found an iron altar of Okawaru.
  3251 | D:3      | Noticed Natasha
  3258 | D:3      | Killed Natasha
  3259 | D:3      | Reached skill level 1 in Hexes
  3311 | D:3      | Noticed Natasha
  3317 | D:3      | Killed Natasha
  3453 | D:4      | Noticed Sigmund
  3455 | D:4      | Noticed Ijyb
  3466 | D:4      | Paralysed by Ijyb for 2 turns
  3578 | D:4      | Paralysed by Ijyb for 2 turns
  3584 | D:4      | Paralysed by Ijyb for 2 turns
  3599 | D:4      | Paralysed by Ijyb for 2 turns
  3604 | D:4      | Killed Ijyb
  3605 | D:4      | Reached XP level 6. HP: 26/47 MP: 1/11
  3814 | D:4      | HP: 2/47 [Sigmund/+0 scythe (8)]
  3819 | D:4      | Slain by an orc

Illustrated notes

Levels and vault maps discovered:
D:1:      heliophobic_arrival_glass_houses, layout_rooms,
          shapermc_ecumenical_altar_notcrosses, serial_shops,
          nicolae_shop_waterfront
D:2:      layout_basic, nicolae_wormholes, uniq_robin
D:3:      layout_rooms, mainiacjoe_overflow_big_doors, uniq_jessica,
          uniq_natasha
D:4:      layout_gridville, grunt_temple_overflow_open, uniq_sigmund, uniq_ijyb

Skill      XL: |  1  2  3  4  5 |
---------------+----------------+-----
Fighting       | 1 2 3 |  3.2
Spellcasting   | 3 |  3.7
Conjurations   | 5 |  5.0
Hexes          | 1 |  1.4
Dodging        | |  1.7
Stealth        | |  1.7

Action                   |  1- 3 |  4- 6 || total
-------------------------+-------+-------++-------
Melee: Unarmed           |     6 |       ||     6
       Dagger            |    24 |    60 ||    84
       Headbutt          |     6 |    16 ||    22
       Punch             |     1 |       ||     1
 Cast: Magic Dart        |    52 |    25 ||    77
       Searing Ray       |     4 |    17 ||    21
  Use: Potion            |       |     3 ||     3
Armor: Robe              |    12 |    10 ||    22
Dodge: Dodged            |    31 |    36 ||    67
